 Dungeon Crawl Stone Soup version 0.28-a0-203-gf40de95187 (console) character file.

Game seed: 16988351928587189348

275 FIQ the Shield-Bearer (level 6, -1/79 HPs)
             Began as a Gnoll Fighter on Aug 20, 2021.
             Slain by an orc priest (7 damage)
             ... on level 3 of the Dungeon.
             The game lasted 00:02:08 (1969 turns).

FIQ the Shield-Bearer (Gnoll Fighter)               Turns: 1969, Time: 00:02:08

Health: -1/79      AC: 23    Str: 18    XL:     6   Next: 25%
Magic:  8/8        EV:  2    Int:  7    God:
Gold:   71         SH:  9    Dex: 11    Spells: 8/8 levels left

rFire   . . .      SeeInvis .   a - +0 war axe
rCold   + . .      Faith    .   c - +0 kite shield
rNeg    + + +      Spirit   .   (armour currently unavailable)
rPois   +          Reflect  .   (helmet currently unavailable)
rElec   .          Harm     .   (cloak currently unavailable)
rCorr   .          Rampage  .   (gloves currently unavailable)
Will    .....      NoTele   +   (boots currently unavailable)
Stlth   ++........              (no amulet)
HPRegen 0.23/turn               d - ring of protection from cold
MPRegen 0.11/turn               (no ring)

@: tree-form
A: stationary, stasis, torment immunity, boosted hp, (fangs 1), strong nose,
distributed training
a: no special abilities


You were on level 3 of the Dungeon.
You were a tree.
You visited 1 branch of the dungeon, and saw 3 of its levels.

You collected 71 gold pieces.

Inventory:

Hand Weapons
 a - a +0 war axe (weapon)
Armour
 b - a +0 scale mail (melded)
 c - a +0 kite shield (worn)
Jewellery
 d - a ring of protection from cold (left branch)
Scrolls
 e - a scroll of enchant weapon {unknown}
 f - a scroll of teleportation {unknown}
 g - a scroll of vulnerability {unknown}


   Skills:
 + Level 6.8 Fighting
 + Level 1.8 Short Blades
 + Level 1.8 Long Blades
 + Level 4.9 Axes
 + Level 1.8 Maces & Flails
 + Level 1.8 Polearms
 + Level 1.8 Staves
 + Level 1.8 Slings
 + Level 1.8 Bows
 + Level 1.8 Crossbows
 + Level 1.8 Throwing
 + Level 6.8 Armour
 + Level 1.8 Dodging
 + Level 1.8 Stealth
 + Level 6.8 Shields
 + Level 1.8 Unarmed Combat
 + Level 1.8 Spellcasting
 + Level 1.4 Conjurations
 + Level 1.4 Hexes
 + Level 1.4 Summonings
 + Level 1.4 Necromancy
 + Level 1.4 Translocations
 + Level 1.4 Transmutations
 + Level 1.4 Fire Magic
 + Level 1.4 Ice Magic
 + Level 1.4 Air Magic
 + Level 1.4 Earth Magic
 + Level 1.4 Poison Magic
 + Level 2.0 Invocations
 + Level 1.8 Evocations


You had 8 spell levels left.
You didn't know any spells.
Your spell library contained the following spells:

 Spells                   Type           Power      Damage    Failure   Level
 Ensorcelled Hibernation  Hex/Ice        4%         N/A       67%         2
 Spider Form              Tmut/Pois      1%         N/A       88%         3
 Shadow Creatures         Summ           N/A        N/A       100%        6


Dungeon Overview and Level Annotations

Branches:
Dungeon (3/15)

Altars:
Okawaru
Beogh


Innate Abilities, Weirdness & Mutations

You are a tree.
Your roots penetrate the ground, keeping you stationary.
You cannot be teleported.
You are immune to unholy pain and torment.
Your maximum health is greatly increased.
Your equipment is partially melded.
((You have very sharp teeth.))
Your uncanny sense of smell can sniff out nearby items.
Your experience applies equally to all skills.


Message History

You barely miss the orc priest.
The orc priest is almost dead.
You barely miss the orc priest. The orc priest completely misses you.
The orc priest hits you with a +0 morningstar!
You slash the orc priest!
You kill the orc priest!
You hit the orc priest.
The orc priest casts a cantrip, but nothing happens.
You completely miss the orc priest.
The orc priest is heavily wounded.
The orc priest hits you with a +0 morningstar!
The orc priest barely misses you.
You hit the orc priest but do no damage.
The orc priest is heavily wounded.
The orc priest closely misses you.
You hit the orc priest but do no damage.
The orc priest is heavily wounded.
The orc priest barely misses you.
The orc priest looks satisfied for a moment.
You hit the orc priest but do no damage.
The orc priest is heavily wounded.
The orc priest hits you but does no damage.
You barely miss the orc priest.
The orc priest is heavily wounded.
The orc priest hits you with a +0 morningstar.
* * * LOW HITPOINT WARNING * * *
You hit the orc priest but do no damage.
The orc priest is heavily wounded.
The orc priest hits you with a +0 morningstar!
* * * LOW HITPOINT WARNING * * *
The orc priest barely misses you.
You closely miss the orc priest.
The orc priest is heavily wounded.
The orc priest closely misses you.
Okay, then.
It was a potion of lignification.
You turn into a tree.
Your +0 scale mail melds into your body.
Your roots penetrate the ground.
The orc priest hits you with a +0 morningstar!
You die...

###### #....##
#♣##..#
#))o##.#
#$8.8.#.#
#.$...#.#
#.8$8.#.#######
##._$##.......#
############.#
### #.#######.#
#### ..#
#####.#....##.#
#...


You could see an orc priest.

Vanquished Creatures
  A sky beast (D:3)
  A necrophage (D:2)
  An orc priest (D:3)
  2 adders
  2 orcs (D:3)
  6 bats (D:1)
  3 endoplasms (D:1)
  2 giant cockroaches
  6 goblins
  3 hobgoblins
  2 jackals (D:1)
  3 kobolds
  3 quokkas
  4 ball pythons (D:1)
  4 frilled lizards
  3 rats
46 creatures vanquished.

Vanquished Creatures (others)
  2 plants (D:3)
2 creatures vanquished.

Grand Total: 48 creatures vanquished

Notes
Turn   | Place    | Note
-------+----------+-------------------------------------------
     0 | D:1      | FIQ the Gnoll Fighter began the quest for the Orb.
     0 | D:1      | Reached XP level 1. HP: 23/23 MP: 1/1
    42 | D:1      | Reached XP level 2. HP: 29/29 MP: 2/2
   171 | D:1      | You fall into a shaft and drop 1 floor!
   187 | D:2      | Noticed a necrophage
   199 | D:2      | Killed a necrophage
   200 | D:2      | Reached skill level 1 in Short Blades
   200 | D:2      | Reached skill level 1 in Long Blades
   200 | D:2      | Reached skill level 1 in Maces & Flails
   200 | D:2      | Reached skill level 1 in Polearms
   200 | D:2      | Reached skill level 1 in Staves
   200 | D:2      | Reached skill level 1 in Slings
   200 | D:2      | Reached skill level 1 in Bows
   200 | D:2      | Reached skill level 1 in Crossbows
   200 | D:2      | Reached skill level 1 in Throwing
   200 | D:2      | Reached skill level 1 in Dodging
   200 | D:2      | Reached skill level 1 in Stealth
   200 | D:2      | Reached skill level 1 in Unarmed Combat
   200 | D:2      | Reached skill level 1 in Spellcasting
   200 | D:2      | Reached skill level 1 in Conjurations
   200 | D:2      | Reached skill level 1 in Hexes
   200 | D:2      | Reached skill level 1 in Summonings
   200 | D:2      | Reached skill level 1 in Necromancy
   200 | D:2      | Reached skill level 1 in Translocations
   200 | D:2      | Reached skill level 1 in Transmutations
   200 | D:2      | Reached skill level 1 in Fire Magic
   200 | D:2      | Reached skill level 1 in Ice Magic
   200 | D:2      | Reached skill level 1 in Air Magic
   200 | D:2      | Reached skill level 1 in Earth Magic
   200 | D:2      | Reached skill level 1 in Poison Magic
   200 | D:2      | Reached skill level 1 in Invocations
   200 | D:2      | Reached skill level 1 in Evocations
   200 | D:2      | Reached XP level 3. HP: 17/35 MP: 2/4
   200 | D:2      | Reached XP level 4. HP: 20/41 MP: 2/5
   452 | D:2      | Found an iron altar of Okawaru.
   622 | D:2      | Found a faded altar of an unknown god.
   917 | D:2      | Reached XP level 5. HP: 47/47 MP: 6/6
  1753 | D:3      | Noticed a sky beast
  1764 | D:3      | Killed a sky beast
  1765 | D:3      | Reached XP level 6. HP: 45/53 MP: 8/8
  1969 | D:3      | Slain by an orc priest

Illustrated notes

Levels and vault maps discovered:
D:1:      lemuel_arrival_rhombus, layout_basic
D:2:      layout_basic, hellmonk_ecumenical_altar_pennies_from_heaven,
          basic_altar
D:3:      cheibrodos_old_hovel, layout_basic, kiku_gazebo_garden_becter,
          mainiacjoe_overflow_alcove_4, serial_forest,
          infiniplex_forest_clump_diagonal, infiniplex_forest_lined_2,
          infiniplex_forest_straight_3, infiniplex_forest_diagonal,
          infiniplex_forest_end_1, infiniplex_forest_clump_tiny,
          kennysheep_orc_chapel, uniq_crazy_yiuf_cottage

Skill      XL: |  1  2  3  4  5 |
---------------+----------------+-----
Short Blades   | 1 |  1.8
Long Blades    | 1 |  1.8
Maces & Flails | 1 |  1.8
Polearms       | 1 |  1.8
Staves         | 1 |  1.8
Slings         | 1 |  1.8
Bows           | 1 |  1.8
Crossbows      | 1 |  1.8
Throwing       | 1 |  1.8
Dodging        | 1 |  1.8
Stealth        | 1 |  1.8
Unarmed Combat | 1 |  1.8
Spellcasting   | 1 |  1.8
Conjurations   | 1 |  1.4
Hexes          | 1 |  1.4
Summonings     | 1 |  1.4
Necromancy     | 1 |  1.4
Translocations | 1 |  1.4
Transmutations | 1 |  1.4
Fire Magic     | 1 |  1.4
Ice Magic      | 1 |  1.4
Air Magic      | 1 |  1.4
Earth Magic    | 1 |  1.4
Poison Magic   | 1 |  1.4
Invocations    | 1 2 |  2.0
Evocations     | 1 |  1.8
Fighting       | |  6.8
Axes           | |  4.9
Armour         | |  6.8
Shields        | |  6.8

Action                   |  1- 3 |  4- 6 || total
-------------------------+-------+-------++-------
Melee: War axe           |    35 |    97 ||   132
       Bite              |     1 |     4 ||     5
  Use: Potion            |     1 |     1 ||     2
Armor: Scale mail        |    27 |    38 ||    65
Dodge: Dodged            |    13 |    46 ||    59
Block: Kite shield       |    18 |    58 ||    76

Table legend: (Time is in decaauts)
 A = Elapsed time spent in this place.
 B = Non-inter-level travel time spent in this place.
 C = Inter-level travel time spent in this place.
 D = Time resting spent in this place.
 E = Time spent auto-exploring this place.
 F = Levels seen in this place.
 G = Mean time per level.
                   A        B        C        D        E       F      G
               +--------+--------+--------+--------+--------+-----+--------+
         Total |   2028 |   1977 |     51 |      0 |   1646 |   3 |  676.0 |
       Dungeon |   2028 |   1977 |     51 |      0 |   1646 |   3 |  676.0 |
               +--------+--------+--------+--------+--------+-----+--------+

Top non-repeatable levels by time:
     D:2: 990 daAuts
     D:1: 764 daAuts
     D:3: 273 daAuts
